 Dungeon Crawl Stone Soup version 0.19-a0-1637-gfc13266 (webtiles) character file.

32 TheGoonsmith the Sneak (level 3, 0/18 HPs)
             Began as a Vine Stalker Assassin on Sept 19, 2016.
             Succumbed to an adder's poison
             ... on level 1 of the Dungeon.
             The game lasted 00:02:27 (688 turns).

TheGoonsmith the Sneak (Vine Stalker Assassin)       Turns: 688, Time: 00:02:27

Health: 0/18       AC:  3    Str: 18    XL:     3   Next: 25%
Magic:  0/4        EV: 11    Int: 11    God:
Gold:   16         SH:  0    Dex: 16    Spells: 0 memorised, 2 levels left

rFire  . . .     SeeInvis .     a - +2 dagger
rCold  . . .     Gourm    .     c - +0 robe
rNeg   . . .     Faith    .     (no shield)
rPois  .         Spirit   +     (no helmet)
rElec  .         Dismiss  .     m - +0 cloak
rCorr  .         Reflect  .     (no gloves)
MR     .....     Harm     .     (no boots)
Stlth  +++.......               (no amulet)
                                (no ring)
                                (no ring)

@: mighty, lethally poisoned (0 -> -5)
A: fangs 2, magic shield, antimagic bite, no device heal 3, rot immunity
a: no special abilities


You were on level 1 of the Dungeon.
You were not hungry.

You visited 1 branch of the dungeon, and saw 2 of its levels.

You collected 16 gold pieces.

Inventory:

Hand Weapons
 a - a +2 dagger (weapon)
 b - a +0 blowgun
 d - a +0 dagger of flaming
Missiles
 e - 8 poisoned needles
 f - 2 curare-tipped needles
 q - 5 needles of sleeping
Armour
 c - a +0 robe (worn)
 m - a +0 cloak (worn)
Scrolls
 h - a scroll of random uselessness {unknown}
 i - a scroll of immolation {unknown}
 j - 2 scrolls of identify {unknown}
 n - a scroll of blinking {unknown}
 o - a scroll of remove curse {unknown}
 p - a scroll of fog {unknown}
Comestibles
 g - 2 bread rations
 l - 2 chunks of flesh
 r - a meat ration


   Skills:
 - Level 1.7 Fighting
 * Level 2.8 Short Blades
 - Level 1.7 Throwing
 - Level 0.7 Dodging
 + Level 5.4 Stealth


You had 2 spell levels left.
You didn't know any spells.

Dungeon Overview and Level Annotations

Branches:
Dungeon (2/15)

Altars:
Nemelex Xobeh


Innate Abilities, Weirdness & Mutations

You have extremely sharp teeth.
When hurt, damage is shared between your health and your magic reserves.
Your bite disrupts and absorbs the magic of your enemies.
Potions and wands cannot restore your health.
You are immune to rotting.


Message History

The adder is moderately wounded.
The adder bites you.
* * * LOW HITPOINT WARNING * * *
You are too injured to fight recklessly!
You completely miss the adder. Your bite misses the adder.
The adder is moderately wounded.
The adder barely misses you. The adder closely misses you.
You closely miss the adder.
The adder is moderately wounded.
The adder completely misses you.
You hit the adder.
The adder is severely wounded.
The adder bites you.
* * * LOW HITPOINT WARNING * * *
You are lethally poisoned!
The adder poisons you!
Unknown command.
It was a potion of might.
You feel very mighty all of a sudden.
You die...

#......##...####.#
#......###.#####+###
#......###.##......#
#.......##.##......#
#.......##.##......######
#####
#.......##.##...........#
....#
#.......##.##...........#
....#
#......†S#.##...........#
....#
##......@........########
....# #.####....#######
....# #.# #....## ....#
#.# #.#### ....# #.# #.#
....## #.# #.# .....# #.#
#.# .....# #.# #.#
....†#####.# #.#


You could see an adder.

Vanquished Creatures
  An adder (D:2)
  A dart slug (D:1)
  2 leopard geckos (D:1)
  A goblin (D:1)
  2 hobgoblins
  2 kobolds (D:1)
  A quokka (D:2)
  3 bats (D:1)
  4 frilled lizards
  4 rats (D:1)
21 creatures vanquished.

Vanquished Creatures (others)
  4 toadstools (D:1)
4 creatures vanquished.

Grand Total: 25 creatures vanquished

Notes
Turn   | Place    | Note
-------+----------+-------------------------------------------
     0 | D:1      | TheGoonsmith the Vine Stalker Assassin began the quest for the Orb.
     0 | D:1      | Reached XP level 1. HP: 11/11 MP: 2/2
   231 | D:1      | Reached skill level 5 in Stealth
   238 | D:1      | Reached XP level 2. HP: 9/15 MP: 1/3
   278 | D:1      | Found a sparkling altar of Nemelex Xobeh.
   637 | D:2      | Reached XP level 3. HP: 16/18 MP: 4/4
   688 | D:1      | Succumbed to an adder's poison

Vault maps used:
D:1:      ldierk_walled_garden_2, nemelex_diamond_rough_becter
D:2:      minmay_hexomino_u4

Skill      XL: |  1 |
---------------+----+-----
Stealth        | 5 |  5.4
Short Blades   | 2 |  2.8
Fighting       | |  1.7
Throwing       | |  1.7
Dodging        | |  0.7

Action                   || total
-------------------------++-------
Melee: Dagger            ||    47
       Bite              ||     4
  Use: Potion            ||     1
 Stab: Sleeping          ||     4
       Distracted        ||     1
Armor: Robe              ||    11
Dodge: Dodged            ||    33
